 Dungeon Crawl Stone Soup version 0.26-b1-32-g5d43845318 (webtiles) character file.

Game seed: 16054790698603864508

373694 Arum the Slayer (level 23, -1/197 (213) HPs)
             Began as a Formicid Fighter on Jan 11, 2021.
             Was the Champion of Okawaru.
             Slain by a ghostly deep elf blademaster
             ... wielding a +0 rapier
              (12 damage)
             ... on level 3 of the Elven Halls.
             The game lasted 01:50:40 (42482 turns).

Arum the Slayer (Formicid Fighter)                 Turns: 42482, Time: 01:50:40

HP:   -1/197 (213)  AC: 36    Str: 21    XL:     23   Next: 79%
MP:   26/26         EV: 17    Int: 10    God:    Okawaru [******]
Gold: 6228          SH: 17    Dex: 18    Spells: 16/22 levels left

rFire    + + +     SeeInvis +   G - +9 lajatang (vamp)
rCold    + . .     Faith    .   e - +0 kite shield {AC+3}
rNeg     + . .     Spirit   .   K - +7 plate armour of the Kettle-Drum {rPois rC+ Dex+3}
rPois    +         Reflect  +   (helmet unavailable)
rElec    .         Harm     .   a - +1 cloak "Kojotz" {*Contam rF+ Will+++ rCorr}
rCorr    +         Rampage  .   r - +2 pair of gloves of Gusituna {+Blink Regen+}
Will     +++++                  h - +0 pair of boots "Efungine" {*Contam rF+++ Int-3 Slay+6}
Stlth    ..........             x - amulet of reflection
HPRegen  0.82/turn              Y - ring of positive energy
MPRegen  0.20/turn              T - ring of willpower

@: drained
A: permanent stasis, dig shafts and tunnels, four strong arms, antennae 3
}: 2/15 runes: serpentine, barnacled
a: Dig, Shaft Self, Renounce Religion, Heroism, Finesse


You were on level 3 of the Elven Halls.
You worshipped Okawaru.
Okawaru was exalted by your worship.
You visited 7 branches of the dungeon, and saw 37 of its levels.
You also visited: Sewer and Bailey.

You collected 6832 gold pieces.
You spent 604 gold pieces at shops.

Inventory:

Hand Weapons
 n - a +1 vorpal quarterstaff
 G - a +9 vampiric lajatang (weapon)
 J - a +2 lajatang of flaming
Missiles
 I - 4 throwing nets
 M - 17 silver javelins
 S - 91 javelins
Armour
 a - the +1 cloak "Kojotz" (worn) {*Contam rF+ Will+++ rCorr}
   (You bought it in a shop on level 2 of the Orcish Mines)

   It protects you from fire.
   It affects your willpower, your defense against some magical effects.
   It causes magical contamination when unequipped.
   It provides partial protection from all sources of acid and corrosion.
 e - a +0 kite shield of protection (worn)
 h - the +0 pair of boots "Efungine" (worn) {*Contam rF+++ Int-3 Slay+6}
   (Okawaru gifted it to you on level 1 of the Snake Pit)

   It affects your intelligence (-3).
   It affects your accuracy and damage with ranged weapons and melee attacks
   (+6).
   It renders you almost immune to fire.
   It causes magical contamination when unequipped.
 r - the +2 pair of gloves of Gusituna (worn) {+Blink Regen+}
   (Okawaru gifted it to you on level 4 of the Shoals)

   It lets you blink.
   It increases your rate of regeneration.
 K - the +7 plate armour of the Kettle-Drum (worn) {rPois rC+ Dex+3}
   (You found it on level 9 of the Dungeon)

   It affects your dexterity (+3).
   It protects you from cold.
   It protects you from poison.
Jewellery
 i - the amulet "Atahu" {Acrobat *Slow rF++ rC+}
   (You took it off a merfolk on level 4 of the Shoals)

   [amulet of the acrobat]

   It helps you evade while moving and waiting.
   It greatly protects you from fire.
   It protects you from cold.
   It may slow you when you take damage.
 l - an uncursed ring of positive energy
 m - an uncursed ring of magical power
 t - an uncursed ring of resist corrosion
 x - an amulet of reflection (around neck)
 B - an uncursed ring of protection from cold
 F - the ring "Mub Ishrimo" {+Fly rPois rC+ Dex-4 Stlth+}
   (You acquired it in a bailey)

   [ring of protection from cold]

   It affects your dexterity (-4).
   It protects you from cold.
   It protects you from poison.
   It lets you fly.
   It makes you more stealthy.
 Q - an uncursed ring of poison resistance
 T - a ring of willpower (right hand)
 Y - a ring of positive energy (left hand)
Wands
 b - a wand of iceblast (22)
 q - a wand of acid (22)
 D - a wand of digging (15)
 L - a wand of paralysis (13)
 O - a wand of random effects (51)
Scrolls
 g - 2 scrolls of fear
 k - 17 scrolls of remove curse
 p - 2 scrolls of fog
 s - 5 scrolls of enchant armour
 v - 3 scrolls of identify
 y - 5 scrolls of immolation
 z - 3 scrolls of silence
 H - a scroll of summoning
 U - 5 scrolls of magic mapping
 V - a scroll of vulnerability
 X - 2 scrolls of holy word
Potions
 d - 5 potions of might
 f - 28 potions of curing
 j - 10 potions of heal wounds
 o - 3 potions of attraction
 u - 9 potions of mutation
 w - 5 potions of ambrosia
 A - 3 potions of resistance
 C - 12 potions of lignification
 E - 7 potions of flight
 Z - a potion of cancellation
Miscellaneous
 c - a phial of floods
 P - a condenser vane (inert)
 R - a phantom mirror
 W - a box of beasts


   Skills:
 + Level 25.3 Fighting
 - Level 15.2 Staves
 + Level 17.2 Armour
 - Level 16.0 Dodging
 - Level 1.9 Stealth
 - Level 9.0 Shields
 - Level 5.0 Invocations
 - Level 15.0 Evocations


You had 16 spell levels left.
You knew the following spells:

 Your Spells              Type           Power        Failure   Level
a - Statue Form           Tmut/Erth      0%           100%        6

Your spell library contained the following spells:

 Spells                   Type           Power        Failure   Level
 Animate Skeleton         Necr           0%           97%         1
 Beastly Appendage        Tmut           0%           97%         1
 Magic Dart               Conj           0%           97%         1
 Pain                     Necr           0%           97%         1
 Sandblast                Erth           0%           97%         1
 Sting                    Tmut/Pois      0%           97%         1
 Summon Small Mammal      Summ           0%           97%         1
 Call Imp                 Summ           0%           99%         2
 Ensorcelled Hibernation  Hex/Ice        0%           99%         2
 Passwall                 Tmut/Erth      0%           99%         2
 Poisonous Vapours        Pois/Air       0%           99%         2
 Slow                     Hex            0%           99%         2
 Wereblood                Tmut           0%           99%         2
 Call Canine Familiar     Summ           0%           100%        3
 Conjure Flame            Conj/Fire      0%           100%        3
 Ignite Poison            Fire/Tmut/Pois 0%           100%        3
 Mephitic Cloud           Conj/Pois/Air  0%           100%        3
 Spider Form              Tmut/Pois      0%           100%        3
 Stone Arrow              Conj/Erth      0%           100%        3
 Summon Guardian Golem    Hex/Summ       0%           100%        3
 Tukima's Dance           Hex            0%           100%        3
 Vampiric Draining        Necr           0%           100%        3
 Animate Dead             Necr           0%           100%        4
 Ice Form                 Ice/Tmut       0%           100%        4
 Olgreb's Toxic Radiance  Pois           0%           100%        4
 Petrify                  Tmut/Erth      0%           100%        4
 Summon Ice Beast         Ice/Summ       0%           100%        4
 Summon Lightning Spire   Summ/Air       0%           100%        4
 Agony                    Necr           0%           100%        5
 Blade Hands              Tmut           0%           100%        5
 Irradiate                Conj/Tmut      0%           100%        5
 Lee's Rapid Deconstruct  Erth           0%           100%        5
 Hydra Form               Tmut           0%           100%        6
 Dragon Form              Tmut           0%           100%        7
 Discord                  Hex            0%           100%        8
 Blink                    Tloc           Unusable     N/A         2

Dungeon Overview and Level Annotations

Branches:
Dungeon (15/15)            Temple (0/1) D:6            Lair (6/6) D:11
 Shoals (4/4) Lair:4        Snake (4/4) Lair:4        Slime (0/5) Lair:5
    Orc (2/2) D:9             Elf (3/3) Orc:2        Vaults (4/5) D:13
  Crypt (0/3) Vaults:2     Depths (0/5) D:15          Sewer (visited)
 Bailey (visited)

Altars:
Cheibriados
Dithmenos
Elyvilon
Fedhas
Gozag
Kikubaaqudgha
Nemelex Xobeh
Okawaru
Ru
Xom
Yredelemnul
Jiyva

Shops:
D:11 ?   Orc:2 ([![   Elf:2 =}=   Elf:3 }

Annotations:
D:10 2 runed translucent doors, MackTheFife's ghost, journeyman CeHu


Innate Abilities, Weirdness & Mutations

You cannot be hasted, slowed, berserked, paralysed or teleported.
You can dig through walls and to a lower floor.
Your four strong arms can wield two-handed weapons with a shield.
You have a pair of large antennae on your head. (SInv)


Message History

The Tzitzimitl disappears in a puff of smoke!
The deep elf sorcerer is engulfed in poison gas.
The deep elf sorcerer looks as sick as possible!
The deep elf sorcerer is engulfed in poison gas.
The deep elf sorcerer looks as sick as possible!
The jumping spider is engulfed in poison gas.
The jumping spider looks even sicker.
The deep elf death mage is engulfed in poison gas.
The deep elf death mage looks as sick as possible!
The deep elf death mage points at you and mumbles some strange words.
The bolt of negative energy hits the ghostly deep elf blademaster.
The ghostly deep elf blademaster completely resists.
The bolt of negative energy hits you!! You partially resist.
You feel drained.
* * * LOW HITPOINT WARNING * * *
The deep elf elementalist is engulfed in poison gas.
The deep elf elementalist looks as sick as possible!
You kill the deep elf elementalist!
Okawaru accepts your kill.
The ghostly deep elf blademaster hits you with a +0 rapier!
You die...

**,,,,,*......#*#......*,,,,,**
**,,,,,**#..§e§§#§§§§..#**,,^,,**
*,,,,,** *#.§§2e§e3§§.#* **,,,,,*
,,,,,** *#§§§s§e4§§#* **,,,,,
*,,,** *#§e§§e§r#* **,,,* **,**
*#eee2s#* **,** *** *#eee#* ***
*#e#* {#@#{ #.#{ #.# #.# **** #.#
,,,* #.# #,,* #.# #,,* #.# #.,*
#)#####


You could see a ghostly deep elf blademaster, a lorocyproca (summoned,
invisible), 2 deep elf master archers, 4 deep elf death magi, a blizzard demon
(summoned), 2 deep elf sorcerers, a soul eater (summoned), a demonic crawler
(summoned), a ghostly deep elf demonologist (empowered), 2 deep elf high
priests, an ice devil (summoned), a deep elf mage (empowered, extremely
poisoned), a jumping spider (summoned, very poisoned) and a hell rat (summoned,
poisoned).

Vanquished Creatures
  Sojobo (Vaults:3)
  Saint Roka (Vaults:4)
  Vashnia (Snake:4)
  Xtahua (Vaults:3)
  Nikola (Shoals:3)
  Asterion (Snake:1)
  A deep elf blademaster (Elf:2)
  The ghost of Lyfunof the Scorcher, an adept DrFE of Okawaru (Shoals:3)
  Frances (Shoals:1)
  Polyphemus (Shoals:2)
  A kraken (Shoals:4)
  Kirke (Snake:2)
  A storm dragon (Elf:1)
  10 nagarajas
  2 tengu reavers (Vaults:3)
  3 fire giants
  Donald (Vaults:2)
  A deep elf sorcerer (Elf:3)
  An iron dragon (Elf:1)
  An orc warlord (Bailey)
  A deep elf elementalist (Elf:3)
  7 ironheart preservers
  6 vault wardens
  4 very ugly things (Vaults:4)
  10 stone giants
  4 deep elf demonologists
  Azrael (Orc:2)
  A deep elf annihilator (Elf:1)
  3 deep elf death magi
  7 merfolk javelineers
  5 merfolk impalers
  A crystal guardian (Vaults:2)
  The ghost of windycow the Basher, a journeyman GnWn of Dithmenos (D:12)
  Josephine (Lair:4)
  3 fire dragons
  A yaktaur captain (D:15)
  A deep elf high priest (Elf:1)
  Erolcha (Orc:2)
  11 hydras
  5 vault guards
  12 ogre magi
  15 anacondas
  7 ice dragons
  4 boulder beetles
  3 death knights
  5 merfolk avatars
  20 two-headed ogres
  19 naga warriors
  4 catoblepae
  13 centaur warriors
  27 dancing weapons
  2 merfolk aquamancers (Shoals:4)
  A queen ant (Lair:2)
  An alligator snapping turtle (Shoals:3)
  A deep troll shaman (Vaults:1)
  A satyr (Shoals:4)
  3 tengu warriors
  3 orc high priests (Orc:2)
  17 death yaks
  20 naga sharpshooters
  Urug (D:12)
  4 shock serpents
  32 deep elf knights
  2 fire crabs (shapeshifter)
  Nergalle (D:12)
  8 skeletal warriors
  5 salamander mystics
  2 unseen horrors
  2 deep trolls (Vaults:1)
  A flayed ghost (Vaults:4)
  12 sea snakes
  2 wizards
  12 ironbrand convokers
  8 naga ritualists
  22 deep elf archers
  A necromancer (Vaults:2)
  19 harpies
  An obsidian statue (Shoals:3)
  11 orc knights
  6 mana vipers
  5 wolf spiders
  73 deep elf magi
  An orb spider (shapeshifter) (Vaults:3)
  39 ugly things
  13 fauns
  4 orc sorcerers
  18 manticores
  12 cyclopes
  15 vault sentinels
  8 merfolk sirens
  7 salamanders
  12 naga magi
  33 black mambas
  7 water nymphs
  Maurice (Orc:1)
  5 elephants (Lair:6)
  7 guardian serpents
  9 cane toads
  A storm dragon simulacrum (Vaults:1)
  2 gargoyles
  2 centaur skeletons
  Maggie (Lair:2)
  7 rime drakes
  5 komodo dragons
  A torpor snail (shapeshifter) (Vaults:1)
  5 kobold demonologists
  9 freezing wraiths
  20 yaktaurs
  28 merfolk
  A tengu conjurer (D:13)
  2 polar bears
  A polar bear (shapeshifter) (Vaults:2)
  3 hornets
  8 trolls
  A wind drake (shapeshifter) (Vaults:1)
  3 jumping spiders (shapeshifter)
  Prince Ribbit (D:7)
  5 wind drakes
  16 snapping turtles
  17 blink frogs
  19 dream sheep
  10 slime creatures
  A raiju (shapeshifter) (Vaults:4)
  An ettin zombie (Vaults:2)
  A centaur simulacrum (D:14)
  3 wyverns
  9 air elementals
  8 wraiths
  A tarantella (shapeshifter) (D:13)
  7 water elementals
  44 yaks
  3 vampires
  7 fire elementals
  4 hogs (Snake:2)
  2 basilisks
  Eustachio (D:6)
  6 wargs
  5 acid dragons
  5 soldier ants (Lair:2)
  62 nagas
  12 water moccasins
  A deep troll skeleton (Vaults:2)
  4 hell hounds (Orc:2)
  35 orc warriors
  An orc zombie (Vaults:2)
  An ice beast (D:8)
  Duvessa (D:4)
  2 sky beasts
  A black bear (Lair:3)
  A necrophage (D:7)
  2 eyes of draining
  24 ogres
  10 wolves
  4 boggarts
  14 centaurs
  15 bullfrogs
  6 big kobolds
  2 earth elementals
  A human skeleton (Vaults:2)
  Dowan (D:4)
  3 scorpions
  3 killer bees (D:8)
  4 wights (D:11)
  2 human simulacra (Vaults:2)
  An electric eel (Lair:5)
  5 howler monkeys
  6 jellies
  A quasit (D:7)
  A bullfrog zombie (D:6)
  34 orc priests
  A gnoll shaman (D:9)
  7 hounds
  24 orc wizards
  6 iguanas
  A bullfrog skeleton (D:4)
  21 worker ants
  2 hound zombies
  4 worker ant zombies
  15 adders
  22 gnolls
  2 river rats
  3 shadow imps
  4 white imps
  2 ufetubi
  An adder skeleton (D:5)
  7 dart slugs
  3 leopard geckos
  77 orcs
  A bat zombie (D:4)
  2 giant cockroaches
  26 goblins
  16 hobgoblins
  6 jackals
  6 quokkas
  3 ball pythons
  4 bats
  3 frilled lizards
  A jackal skeleton (D:5)
  44 kobolds
  A leopard gecko skeleton (D:5)
  A quokka skeleton (D:5)
  A quokka zombie (D:5)
  28 rats
  A rat zombie (D:4)
  3 tentacles (Shoals:4)
1590 creatures vanquished.

Vanquished Creatures (others)
  A deep elf high priest (Elf:1)
  A naga warrior (Snake:3)
  A merfolk aquamancer (Shoals:3)
  An ogre mage (Vaults:2)
  3 dancing weapons
  2 deep elf knights
  3 deep elf archers
  An ironbrand convoker (Vaults:4)
  A deep elf mage (Elf:1)
  A manticore (Shoals:3)
  A merfolk siren (Shoals:3)
  2 orc warriors (Elf:1)
  2 ogres (Vaults:4)
  An orc priest (Elf:1)
  2 orc wizards (Elf:1)
  5 orcs
  A quokka (D:6)
  4 fungi
  78 plants
  29 tentacles (Shoals:4)
140 creatures vanquished.

Grand Total: 1730 creatures vanquished

Notes
Turn   | Place    | Note
-------+----------+-------------------------------------------
     0 | D:1      | Arum the Formicid Fighter began the quest for the Orb.
     0 | D:1      | Reached XP level 1. HP: 18/18 MP: 1/1
    66 | D:1      | Reached XP level 2. HP: 14/24 MP: 2/2
   410 | D:1      | Reached XP level 3. HP: 29/30 MP: 3/3
  1012 | D:2      | You fall into a shaft and drop 2 floors!
  1110 | D:4      | Reached XP level 4. HP: 36/37 MP: 4/4
  1172 | D:4      | Reached skill level 4 in Fighting
  1193 | D:4      | Reached XP level 5. HP: 7/42 MP: 5/5
  1701 | D:4      | Got a crude long sword
  1702 | D:4      | Identified the cursed +2 long sword of Hatred {freeze,
                  | Will+++ Str-4 Int-2 SInv} (You found it on level 4 of the
                  | Dungeon)
  1764 | D:4      | Found an ancient bone altar of Kikubaaqudgha.
  2043 | D:4      | Reached skill level 1 in Stealth
  2043 | D:4      | Reached XP level 6. HP: 48/49 MP: 6/6
  2059 | D:4      | Found a sparkling altar of Nemelex Xobeh.
  2103 | D:4      | Found a sacrificial altar of Ru.
  2178 | D:4      | Reached skill level 1 in Dodging
  2267 | D:4      | Noticed Duvessa
  2267 | D:4      | Noticed Dowan
  2288 | D:4      | Killed Duvessa
  2299 | D:4      | Killed Dowan
  2685 | D:5      | Entered Level 5 of the Dungeon
  2734 | D:5      | Found a shimmering altar of Xom.
  2790 | D:5      | Reached XP level 7. HP: 50/55 MP: 7/7
  2981 | D:5      | Found a glowing drain.
  2985 | Sewer    | Entered a sewer
  3696 | Sewer    | Reached skill level 5 in Shields
  4522 | D:6      | Reached skill level 5 in Armour
  4545 | D:6      | Reached skill level 5 in Staves
  4782 | D:6      | Reached XP level 8. HP: 59/61 MP: 8/8
  4807 | D:6      | Reached skill level 5 in Fighting
  5040 | D:6      | Found an iron altar of Okawaru.
  5051 | D:6      | Became a worshipper of Warmaster Okawaru
  5143 | D:6      | Found a staircase to the Ecumenical Temple.
  5251 | D:6      | Noticed Eustachio
  5290 | D:6      | Killed Eustachio
  5462 | D:6      | Found a white marble altar of Elyvilon.
  5773 | D:7      | Reached * piety under Okawaru
  5774 | D:7      | Reached skill level 6 in Fighting
  5975 | D:7      | Found a blossoming altar of Fedhas.
  6335 | D:7      | Noticed Prince Ribbit
  6346 | D:7      | Killed Prince Ribbit
  6347 | D:7      | Reached XP level 9. HP: 71/71 MP: 9/9
  6820 | D:7      | Reached skill level 7 in Fighting
  7005 | D:8      | Identified a scroll of acquirement
  7005 | D:8      | Acquired a manual of Fighting
  7017 | D:8      | Found a flagged portal.
  7053 | D:8      | Reached ** piety under Okawaru
  7108 | Bailey   | Entered a bailey
  7650 | Bailey   | Noticed an orc knight
  7694 | Bailey   | Killed an orc knight
  7695 | Bailey   | Reached skill level 8 in Fighting
  7711 | Bailey   | Reached XP level 10. HP: 23/82 MP: 8/10
  8002 | Bailey   | Noticed an orc knight
  8002 | Bailey   | Noticed an orc warlord
  8013 | Bailey   | Reached skill level 9 in Fighting
  8024 | Bailey   | Killed an orc warlord
  8024 | Bailey   | Reached *** piety under Okawaru
  8025 | Bailey   | Reached skill level 11 in Fighting
  8032 | Bailey   | Killed an orc knight
  8060 | Bailey   | Reached **** piety under Okawaru
  8351 | Bailey   | Acquired a +3 vampiric lajatang
  8357 | Bailey   | Acquired the ring "Mub Ishrimo" {+Fly rPois rC+ Dex-4
                  | Stlth+}
  8477 | D:8      | Reached skill level 12 in Fighting
  8570 | D:8      | Noticed a purple ugly thing
  8595 | D:8      | Killed a purple ugly thing
  8635 | D:8      | Reached skill level 10 in Staves
  8636 | D:8      | Reached XP level 11. HP: 95/96 MP: 11/11
  9075 | D:9      | Found a staircase to the Orcish Mines.
  9133 | D:9      | Reached skill level 13 in Fighting
  9174 | D:9      | Noticed a manticore
  9175 | D:9      | Noticed a cyclops
  9183 | D:9      | Killed a manticore
  9184 | D:9      | Reached skill level 1 in Invocations
  9188 | D:9      | Killed a cyclops
  9188 | D:9      | Reached ***** piety under Okawaru
  9403 | D:9      | Got a spiked plate armour
  9443 | D:10     | Entered Level 10 of the Dungeon
  9555 | D:10     | Found a runed translucent door.
  9566 | D:10     | Noticed a fire giant
  9566 | D:10     | Noticed a skeletal warrior
  9567 | D:10     | Found a runed translucent door.
  9568 | D:10     | Noticed a fire dragon
  9568 | D:10     | Noticed a lich
  9569 | D:10     | Noticed MackTheFife's ghost (journeyman CeHu)
  9570 | D:10     | Noticed a necromancer
 10505 | D:11     | Noticed a purple ugly thing
 10513 | D:11     | Killed a purple ugly thing
 10513 | D:11     | Received a gift from Okawaru
 10515 | D:11     | Noticed a cyclops
 10520 | D:11     | Killed a cyclops
 10836 | D:11     | Noticed a death yak
 10837 | D:11     | Found a staircase to the Lair.
 10837 | D:11     | Noticed a death yak
 10837 | D:11     | Noticed a death yak
 10837 | D:11     | Noticed a death yak
 10837 | D:11     | Noticed a cyclops
 10837 | D:11     | Noticed a cyan ugly thing
 10867 | D:11     | Killed a death yak
 10871 | D:11     | Killed a death yak
 10871 | D:11     | Received a gift from Okawaru
 10872 | D:11     | Reached skill level 14 in Fighting
 10879 | D:11     | Killed a death yak
 10879 | D:11     | Reached ****** piety under Okawaru
 10880 | D:11     | Reached XP level 12. HP: 92/107 MP: 13/15
 10893 | D:11     | Killed a death yak
 10894 | D:11     | Reached skill level 5 in Invocations
 11310 | D:11     | Found Vubakk's Magic Scroll Shoppe.
 11315 | D:11     | Bought a scroll of identify for 28 gold pieces
 11315 | D:11     | Bought a scroll of identify for 28 gold pieces
 11315 | D:11     | Bought a scroll of identify for 28 gold pieces
 11316 | D:11     | Identified the +7 plate armour of the Kettle-Drum {rPois
                  | rC+ Dex+3} (You found it on level 9 of the Dungeon)
 11677 | D:11     | Noticed a seven-headed hydra
 11703 | D:11     | Killed a seven-headed hydra
 11704 | D:11     | Reached skill level 15 in Fighting
 12266 | D:11     | Received a gift from Okawaru
 12717 | D:12     | Found a runed translucent gate.
 12717 | D:12     | Found a runed translucent gate.
 12717 | D:12     | Found a runed translucent gate.
 12718 | D:12     | Found an opulent altar of Gozag.
 12718 | D:12     | Noticed windycow's ghost (journeyman GnWn)
 12719 | D:12     | Noticed an ice dragon
 12737 | D:12     | Killed an ice dragon
 12747 | D:12     | Killed windycow's ghost
 12767 | D:12     | Noticed a fire crab
 12767 | D:12     | a queen bee changed into a fire crab
 12771 | D:12     | Killed a fire crab
 12972 | D:12     | Noticed Nergalle
 12985 | D:12     | Killed Nergalle
 13124 | D:12     | Received a gift from Okawaru
 13131 | D:12     | Reached XP level 13. HP: 117/117 MP: 16/16
 13178 | D:12     | You fall into a shaft and drop 1 floor!
 13180 | D:13     | Found a gate to the Vaults.
 13184 | D:13     | Reached skill level 10 in Armour
 13231 | D:13     | Acquired 993 gold pieces
 13266 | D:13     | Reached skill level 16 in Fighting
 13352 | D:13     | Noticed a centaur warrior
 13369 | D:13     | Killed a centaur warrior
 13510 | D:13     | Noticed a five-headed hydra
 13519 | D:13     | Killed a five-headed hydra
 14162 | D:12     | Noticed Urug
 14182 | D:12     | Killed Urug
 14678 | D:14     | Noticed a centaur warrior
 14686 | D:14     | Killed a centaur warrior
 14686 | D:14     | Received a gift from Okawaru
 14713 | D:14     | Noticed a centaur warrior
 14725 | D:14     | Killed a centaur warrior
 14887 | D:14     | Reached XP level 14. HP: 126/126 MP: 12/17
 15789 | D:15     | Entered Level 15 of the Dungeon
 15998 | D:15     | Reached skill level 17 in Fighting
 16471 | D:15     | Received a gift from Okawaru
 16969 | D:15     | Found a staircase to the Depths.
 17259 | Orc:1    | Entered Level 1 of the Orcish Mines
 17259 | Orc:1    | Noticed Maurice
 17326 | Orc:1    | Killed Maurice
 17572 | Orc:2    | Entered Level 2 of the Orcish Mines
 17871 | Orc:2    | Found a staircase to the Elven Halls.
 17872 | Orc:2    | Noticed Erolcha
 17882 | Orc:2    | Killed Erolcha
 17886 | Orc:2    | Received a gift from Okawaru
 18086 | Orc:2    | Reached XP level 15. HP: 128/135 MP: 18/18
 18099 | Orc:2    | Found Adafam's Antique Weapon Shop.
 18099 | Orc:2    | Found Dioropn's Antique Armour Boutique.
 18099 | Orc:2    | Found Selos's Armour Shop.
 18111 | Orc:2    | Found Tixt's Distillery.
 18125 | Orc:2    | Bought the +1 cloak "Kojotz" {*Contam rF+ Will+++ rCorr}
                  | for 520 gold pieces
 18156 | Orc:2    | Noticed Azrael
 18174 | Orc:2    | Killed Azrael
 18174 | Orc:2    | Received a gift from Okawaru
 18846 | Lair:1   | Entered Level 1 of the Lair of Beasts
 19059 | Lair:1   | Reached skill level 18 in Fighting
 20199 | Lair:2   | Noticed Maggie
 20211 | Lair:2   | Killed Maggie
 20266 | Lair:2   | Reached skill level 15 in Staves
 21196 | Lair:3   | Received a gift from Okawaru
 21218 | Lair:3   | Identified the +5 scale mail "Nuuxtuhu" {rF+ Will+ Stlth+}
                  | (Okawaru gifted it to you on level 3 of the Lair of Beasts)
 21361 | Lair:3   | You fall into a shaft and drop 1 floor!
 21361 | Lair:4   | Found a staircase to the Snake Pit.
 21392 | Lair:4   | Noticed Josephine
 21402 | Lair:4   | Killed Josephine
 21618 | Lair:4   | Found a staircase to the Shoals.
 22816 | Lair:5   | Reached skill level 1 in Evocations
 23042 | Lair:5   | Found a viscous altar of Jiyva.
 23044 | Lair:5   | Found a staircase to the Slime Pits.
 23358 | Lair:6   | Entered Level 6 of the Lair of Beasts
 23405 | Lair:6   | Reached XP level 16. HP: 145/145 MP: 19/19
 23428 | Lair:6   | Received a gift from Okawaru
 24279 | Lair:6   | Reached skill level 5 in Evocations
 24290 | Lair:6   | Reached skill level 15 in Armour
 24648 | Snake:1  | Entered Level 1 of the Snake Pit
 24665 | Snake:1  | Reached skill level 19 in Fighting
 24945 | Snake:1  | Noticed Asterion
 24966 | Snake:1  | Killed Asterion
 24967 | Snake:1  | Reached skill level 5 in Dodging
 25361 | Snake:1  | Received a gift from Okawaru
 25364 | Snake:1  | Got a pair of faintly glowing boots {god gift}
 25365 | Snake:1  | Identified the +0 pair of boots "Efungine" {*Contam rF+++
                  | Int-3 Slay+6} (Okawaru gifted it to you on level 1 of the
                  | Snake Pit)
 25722 | Snake:2  | Reached XP level 17. HP: 153/153 MP: 20/20
 25804 | Snake:2  | Found a shadowy altar of Dithmenos.
 26330 | Snake:2  | Noticed Kirke
 26362 | Snake:2  | Killed Kirke
 26408 | Snake:2  | You fall into a shaft and drop 1 floor!
 26409 | Snake:3  | Found a runed translucent door.
 26761 | Snake:3  | Received a gift from Okawaru
 27140 | Snake:3  | Reached skill level 20 in Fighting
 27263 | Snake:4  | Entered Level 4 of the Snake Pit
 27376 | Snake:4  | Received a gift from Okawaru
 27502 | Snake:4  | Reached XP level 18. HP: 152/162 MP: 21/21
 27518 | Snake:4  | Reached skill level 10 in Evocations
 28032 | Snake:4  | Noticed Vashnia
 28080 | Snake:4  | Killed Vashnia
 28255 | Snake:4  | Received a gift from Okawaru
 28396 | Snake:4  | Reached skill level 10 in Dodging
 28430 | Snake:4  | Received a gift from Okawaru
 28644 | Snake:4  | Got a serpentine rune of Zot
 29164 | Shoals:1 | Entered Level 1 of the Shoals
 29195 | Shoals:1 | Reached skill level 21 in Fighting
 29195 | Shoals:1 | Reached XP level 19. HP: 172/172 MP: 22/22
 29437 | Shoals:1 | Noticed Frances
 29442 | Shoals:1 | Killed Frances
 29708 | Shoals:1 | Found a snail-covered altar of Cheibriados.
 30251 | Shoals:2 | Noticed Polyphemus
 30297 | Shoals:2 | Killed Polyphemus
 30530 | Shoals:2 | Learned a level 6 spell: Statue Form
 30932 | Shoals:3 | Received a gift from Okawaru
 30946 | Shoals:3 | Got a pitted quarterstaff {god gift}
 31242 | Shoals:3 | Noticed Nikola
 31266 | Shoals:3 | Killed Nikola
 31537 | Shoals:3 | Found a runed translucent gate.
 31537 | Shoals:3 | Found a runed translucent gate.
 31537 | Shoals:3 | Found a runed translucent gate.
 31539 | Shoals:3 | Found an opulent altar of Gozag.
 31542 | Shoals:3 | Noticed Lyfunof's ghost (adept DrFE)
 31706 | Shoals:3 | Identified the +10 quarterstaff "Gih Nunt" {freeze,
                  | *Corrode MP+9 Dex+3} (Okawaru gifted it to you on level 3
                  | of the Shoals)
 32023 | Shoals:3 | Killed Lyfunof's ghost
 32039 | Shoals:3 | Received a gift from Okawaru
 32094 | Shoals:4 | Entered Level 4 of the Shoals
 32098 | Shoals:4 | Identified the amulet "Atahu" {Acrobat *Slow rF++ rC+}
 32394 | Shoals:4 | Received a gift from Okawaru
 32395 | Shoals:4 | Reached XP level 20. HP: 181/181 MP: 23/23
 32424 | Shoals:4 | Got a pair of crude gloves {god gift}
 32435 | Shoals:4 | Identified the +2 pair of gloves of Gusituna {+Blink
                  | Regen+} (Okawaru gifted it to you on level 4 of the Shoals)
 32968 | Shoals:4 | Reached skill level 22 in Fighting
 33011 | Shoals:4 | Got a barnacled rune of Zot
 33382 | Vaults:1 | Entered Level 1 of the Vaults
 33766 | Vaults:1 | Got an ichor-stained plate armour
 34014 | Vaults:1 | Received a gift from Okawaru
 34102 | Vaults:1 | Got a steaming quarterstaff {god gift}
 34103 | Vaults:1 | Identified the +7 quarterstaff of Calamity {elec, *Drain
                  | Will- Str+10 Dex+3 Stlth+} (Okawaru gifted it to you on
                  | level 1 of the Vaults)
 35229 | Vaults:2 | Received a gift from Okawaru
 35234 | Vaults:2 | Reached skill level 15 in Evocations
 35236 | Vaults:2 | Reached XP level 21. HP: 185/187 MP: 24/24
 35665 | Vaults:2 | Found a staircase to the Crypt.
 35665 | Vaults:2 | Found a basalt altar of Yredelemnul.
 35666 | Vaults:2 | Found an ancient bone altar of Kikubaaqudgha.
 35666 | Vaults:2 | Noticed Donald
 35678 | Vaults:2 | Killed Donald
 36017 | Vaults:3 | Reached skill level 23 in Fighting
 36389 | Vaults:3 | Noticed Sojobo
 36404 | Vaults:3 | Killed Sojobo
 36404 | Vaults:3 | Received a gift from Okawaru
 37056 | Vaults:3 | Reached XP level 22. HP: 200/200 MP: 25/25
 37175 | Vaults:3 | Noticed Xtahua
 37189 | Vaults:3 | Killed Xtahua
 37510 | Vaults:4 | Reached skill level 15 in Dodging
 37726 | Vaults:4 | Received a gift from Okawaru
 37769 | Vaults:4 | Reached skill level 24 in Fighting
 37864 | Vaults:4 | Noticed Saint Roka
 37890 | Vaults:4 | Killed Saint Roka
 38181 | Vaults:4 | Identified the cursed +1 plate armour "Jeinuixt" {rElec
                  | Will++ Int+2 Dex+3} (You found it on level 1 of the Vaults)
 39200 | Elf:1    | Entered Level 1 of the Elven Halls
 39464 | Elf:1    | Received a gift from Okawaru
 39674 | Elf:1    | Reached XP level 23. HP: 211/211 MP: 26/26
 39841 | Elf:1    | Found a runed translucent gate.
 39841 | Elf:1    | Found a runed translucent gate.
 39841 | Elf:1    | Found a runed translucent gate.
 39841 | Elf:1    | Found a runed translucent gate.
 39841 | Elf:1    | Found a runed translucent gate.
 39849 | Elf:1    | Found a runed translucent gate.
 40653 | Elf:2    | Acquired 865 gold pieces
 40987 | Elf:2    | Identified the Catalogue of Beguiling and Lightness
 41007 | Elf:2    | Found Hasiaq's Jewellery Emporium.
 41008 | Elf:2    | Found Utwad's Gadget Shop.
 41009 | Elf:2    | Found Reumasim's Jewellery Emporium.
 41109 | Elf:2    | Found a huge runed translucent gate.
 41111 | Elf:2    | Found a huge runed translucent gate.
 41114 | Elf:2    | Found a huge runed translucent gate.
 41115 | Elf:2    | Found a huge runed translucent gate.
 41115 | Elf:2    | Found a huge runed translucent gate.
 41461 | Elf:2    | Reached skill level 25 in Fighting
 41973 | Elf:3    | Entered Level 3 of the Elven Halls
 41973 | Elf:3    | Found Wemmuce's Gadget Shop.
 42274 | Elf:3    | Received a gift from Okawaru
 42283 | Elf:3    | Found a runed translucent door.
 42481 | Elf:3    | HP: 3/205 [deep elf death mage/bolt of negative energy
                  | (20)]
 42482 | Elf:3    | Slain by a ghostly deep elf blademaster

Illustrated notes

Levels and vault maps discovered:
D:1:      dpeg_arrival_simpleton_b, layout_loops_ring
D:2:      layout_basic, minmay_octomino_j4
D:4:      layout_loops_ring, lemuel_zombie_altar_kikubaaqudgha,
          kennysheep_little_box, nicolae_ru_the_path_less_chosen, uniq_duvessa
D:5:      layout_basic, gup_sewer_entry_bowl, kennysheep_minor_cross,
          xom_teletrap_fun
D:6:      layout_loops_corners, okawaru_gym_becter, elyvilon_altar_4,
          temple_statues, st_stairs_3, uniq_eustachio
D:7:      layout_basic, fedhas_ov_isle_minmay, uniq_prince_ribbit1
D:8:      layout_loops_ring, enter_bailey_5
D:9:      kennysheep_big_flooded_room, layout_cross, orc_0_dummy
D:10:     layout_long_grid, muffindrake_ghost_dual_entry,
          corexii_leaking_fountain
D:11:     layout_grid_maze, dpeg_lair_monsters, serial_shops,
          nicolae_shop_trees, minmay_door_square, chequers_garden
D:12:     layout_basic, ebering_ghost_gozag, minmay_fractal_squares_gapless_5,
          uniq_urug, uniq_nergalle
D:13:     layout_roguey, erik_vaults_1
D:14:     layout_loops_ring, minmay_misc_feat_tower
D:15:     grunt_enter_depths_snipers, layout_cave_pods, serial_bayou_ford_a,
          due_unseen_surprise
Lair:1:   layout_cave_pods
Lair:2:   layout_roguey, wad_woods_antlair, uniq_maggie
Lair:3:   layout_small_grid
Lair:4:   layout_cave_pods, minmay_shoals_entry_hut,
          guppyfry_snake_entry_garden, infiniplex_staircase_pool_2,
          serial_bayou_shore_b, uniq_josephine
Lair:5:   layout_gridlike, slime_altar_1, minmay_lair_drake_nest,
          serial_bayou_shore_a
Lair:6:   evilmike_catoblepas_cave, layout_cellular_growth, grunt_megastairs_4
Shoals:1: layout_shoals, lemuel_altar_in_water, uniq_frances
Shoals:2: layout_shoals, uniq_polyphemus
Shoals:3: layout_shoals, ebering_ghost_gozag, nicolae_shoals_seven_spires,
          nicolae_shoals_cliffside_cave, uniq_nikola
Shoals:4: shoals_end_hangedman, layout_shoals
Snake:1:  layout_grid_maze, uniq_asterion
Snake:2:  layout_rooms, basic_altar, grunt_ministairs_2, uniq_kirke
Snake:3:  layout_rooms, chequers_hall_statues_corner_a, lightli_airlock
Snake:4:  johnstein_snake_rune_scales, layout_grid_shapes
Orc:1:    layout_caves, uniq_maurice
Orc:2:    st_orc_mages, layout_caves, uniq_erolcha, uniq_azrael
Elf:1:    layout_loops_corners, orc_legates
Elf:2:    layout_loops_corners, evilmike_ambush [evilmike_ambush_outer_pillars,
          evilmike_ambush_inner_cross], minmay_shop_grove
Elf:3:    minmay_elf_hall_four_x, layout_geoelf_octagon, serial_shops, shop,
          minivault_13
Vaults:1: vaults_dpeg_spiral, nicolae_vaults_inception_statues,
          vaults_room_octagon, nicolae_vaults_hallways_thing,
          ontoclasm_vaults_ring_square, ontoclasm_vaults_gallery,
          vaults_dpeg_ring, hangedman_vaults_trim, vaults_room_pool,
          hangedman_vaults_capsules, nicolae_vaults_shelves_hall,
          vaults_room_semicircle, layout_vaults_chaotic_city
Vaults:2: ontoclasm_vaults_idyll, v_misc_1, nicolae_vaults_an_arrangement,
          ontoclasm_vaults_eye, hangedman_vaults_variations,
          vaults_room_door_hall, minmay_crypt_entry_necro_gods, v_misc_16,
          dpeg_vaults_monster_box, ontoclasm_vaults_chip,
          nicolae_vaults_little_squares_2, v_misc_25, v_misc_16,
          vaults_dpeg_encased_lava, layout_vaults_maze_snakey, uniq_donald
Vaults:3: vaults_room_corners, grunt_vaults_swirl, ontoclasm_vaults_ring_square,
          v_alt_pattern_5, nicolae_vaults_big_ls, ontoclasm_vaults_fault,
          vaults_room_fancy_cross, nicolae_vaults_little_ls,
          nicolae_vaults_circle_grid_a, layout_vaults_omnigrid, uniq_xtahua,
          uniq_sojobo
Vaults:4: nicolae_vaults_big_angled_halls, nicolae_vaults_display_case,
          hangedman_vaults_pinch, v_rooms_2, vaults_room_fours,
          nicolae_vaults_circle_grid_b, v_misc_28, grunt_vaults_focal,
          vaults_dpeg_hooks, vaults_mumra_minichess, layout_vaults_omnicross,
          uniq_saint_roka

Skill      XL: |  1  2  3  4  5  6  7  8  9 10 11 12 13 14 15 16 17 18 19 20 21 22 23 |
---------------+----------------------------------------------------------------------+-----
Shields        | 4 5 7 8 9 |  9.0
Fighting       | 4 6 8 12 14 15 16 17 18 19 20 21 22 23 24 25 | 25.3
Staves         | 3 4 5 6 8 10 11 12 13 14 15 | 15.2
Armour         | 4 5 7 9 11 13 14 15 17 | 17.2
Stealth        | 1 |  1.9
Dodging        | 1 2 6 8 10 11 13 14 16 | 16.0
Invocations    | 4 5 |  5.0
Evocations     | 2 6 9 11 13 15 | 15.0

Action                   |  1- 3 |  4- 6 |  7- 9 | 10-12 | 13-15 | 16-18 | 19-21 | 22-24 || total
-------------------------+-------+-------+-------+-------+-------+-------+-------+-------++-------
Melee: Quarterstaff      |   104 |   137 |   650 |    57 |    46 |    31 |       |       ||  1025
       Lajatang          |       |       |       |   400 |  1257 |  1219 |  1640 |  1005 ||  5521
Invok: Heroism           |       |       |     4 |    10 |     6 |     1 |     2 |     2 ||    25
       Finesse           |       |       |       |     1 |     6 |     2 |     3 |     4 ||    16
 Abil: Dig               |     1 |     4 |       |     3 |    10 |    11 |     5 |     5 ||    39
Evoke: Wand              |       |       |     2 |    24 |     5 |       |       |       ||    31
       Condenser vane    |       |       |       |       |       |       |     1 |     3 ||     4
  Use: Scroll            |       |     1 |    13 |     6 |    15 |     8 |     7 |     6 ||    56
       Potion            |       |       |     3 |     4 |       |       |       |     1 ||     8
 Stab: Sleeping          |       |       |     3 |       |       |       |       |       ||     3
       Petrified         |       |       |       |       |       |       |     5 |       ||     5
       Petrifying        |       |       |       |       |       |       |     3 |       ||     3
Armor: Scale mail        |    43 |    33 |       |       |       |       |       |       ||    76
       Ring mail         |       |     3 |   211 |    50 |       |       |       |       ||   264
       Plate armour      |       |       |       |    75 |   513 |   451 |   592 |   269 ||  1900
Dodge: Dodged            |    38 |    26 |   280 |   128 |   241 |   296 |   576 |   337 ||  1922
Block: Kite shield       |    57 |    53 |   408 |   239 |   579 |   820 |  1209 |   627 ||  3992
       Reflection        |       |       |       |       |       |    78 |    94 |    63 ||   235
